 Dungeon Crawl Stone Soup version 0.19.0-2-gae57169 (webtiles) character file.

83 Esekla the Vexing (level 4, -5/33 HPs)
             Began as a Formicid Arcane Marksman on Nov 5, 2016.
             Slain by a gnoll
             ... wielding a +2 flail of crushing
              (7 damage)
             ... on level 2 of the Dungeon.
             The game lasted 00:29:28 (2096 turns).

Esekla the Vexing (Formicid Arcane Marksman)        Turns: 2096, Time: 00:29:29

Health: -5/33      AC:  3    Str: 15    XL:     4   Next: 71%
Magic:  6/6        EV: 11    Int: 14    God:
Gold:   65         SH:  5    Dex: 10    Spells: 1 memorised, 3 levels left

rFire  x . .     SeeInvis +     l - +0 spear
rCold  + . .     Gourm    .     e - +0 robe
rNeg   . . .     Faith    .     p - +2 buckler
rPois  .         Spirit   .     (helmet unavailable)
rElec  .         Reflect  .     (no cloak)
rCorr  .         Harm     .     (no gloves)
MR     .....                    n - +0 pair of boots
Stlth  +.........               o - amulet of inaccuracy (curse)
                                (no ring)
                                q - ring of ice

@: no status effects
A: permanent stasis, dig shafts and tunnels, four strong arms, antennae 3
a: Dig, Shaft Self


You were on level 2 of the Dungeon.
You were not hungry.

You visited 1 branch of the dungeon, and saw 2 of its levels.

You collected 65 gold pieces.

Inventory:

Hand Weapons
 b - a +0 mace
 k - a +0 dagger
 l - a +0 spear (weapon)
 s - a +0 hunting sling
Missiles
 d - 47 sling bullets
 g - 13 stones (quivered)
Armour
 e - a +0 robe (worn)
 n - a +0 pair of boots (worn)
 p - a +2 buckler (worn)
Jewellery
 o - a cursed amulet of inaccuracy (around neck)
 q - a ring of ice (left hand)
Scrolls
 a - 3 scrolls of identify
 i - a scroll of magic mapping
 m - a scroll of enchant armour
Potions
 h - a potion of berserk rage {unknown}
 j - a potion of flight {unknown}
 r - a potion of resistance {unknown}
 t - a potion of magic {unknown}
 u - a potion of degeneration {unknown}
Books
 c - a book of Debilitation

   Spells                             Type                      Level
   a - Corona                         Hexes                        1
   b - Slow                           Hexes                        2
   c - Gell's Gravitas                Hexes/Translocation          3
   d - Inner Flame                    Hexes/Fire                   3
   e - Cause Fear                     Hexes                        4
   f - Leda's Liquefaction            Hexes/Earth                  4
Comestibles
 f - a bread ration


   Skills:
 - Level 2.1 Fighting
 * Level 2.4 Polearms
 - Level 2.1(2.2) Slings
 + Level 0.2(1.2) Throwing
 - Level 1.7 Dodging
 * Level 1.3 Shields
 + Level 1.4 Spellcasting
 - Level 4.1 Hexes


You had 3 spell levels left.
You knew the following spells:

 Your Spells              Type           Power        Failure   Level  Hunger
b - Slow                  Hex            ##......     10%         2    ###....


Dungeon Overview and Level Annotations

Branches:
Dungeon (2/15)

Altars:


Innate Abilities, Weirdness & Mutations

You are under a permanent stasis effect.
You can dig through walls and to a lower floor.
Your four strong arms can wield two-handed weapons with a shield.
You have a pair of large antennae on your head. (SInv)


Message History

You block the gnoll's attack.
You barely miss the gnoll.
The gnoll is almost dead.
The gnoll is no longer moving slowly.
A jackal comes into view.
You closely miss the gnoll.
The gnoll is almost dead.
The gnoll closely misses you.
You closely miss the gnoll.
The gnoll is almost dead.
The jackal barks!
The gnoll hits you with a flail of crushing.
* * * LOW HITPOINT WARNING * * *
x2 You closely miss the gnoll.
The gnoll is almost dead.
The gnoll barely misses you.
You closely miss the gnoll.
The gnoll is almost dead.
The gnoll hits you with a flail of crushing!
You die...

g.###.######...###........#
*,, .## ##g# #...#
##.....#.# *** .# #.# #...#
##...##.#***** )## ##.#
#...# #####*,.,,<,*
#.###..## #...# ******,*
##....#g#####.####### *,*
##..###..###.......# *,**
###.## ##.##.(.####.# *,,,
...## ##..###g@##.# ****
###.#* ##..## ##.##.###
##.###...# #......#
**..#....## ##..(.#.######
*.....{#..###..###.......#
*.##.#.#.......# #..####.#
*,*#.#.####.#### #...###.#
*{,.,#.*###.### #....##.#
*,.***,*#.....# #....##.#


You could see a gnoll.

Vanquished Creatures
  Ijyb (D:2)
  3 gnolls
  A worm (D:2)
  A ball python (D:2)
  2 bats
  A giant cockroach (D:2)
  3 goblins
  7 hobgoblins
  4 frilled lizards
  A kobold (D:1)
  3 rats
27 creatures vanquished.

Notes
Turn   | Place    | Note
-------+----------+-------------------------------------------
     0 | D:1      | Esekla the Formicid Arcane Marksman began the quest for the Orb.
     0 | D:1      | Reached XP level 1. HP: 15/15 MP: 2/2
   104 | D:1      | Reached skill level 4 in Hexes
   104 | D:1      | Reached XP level 2. HP: 19/22 MP: 3/3
   282 | D:1      | Learned a level 2 spell: Slow
   710 | D:1      | Reached skill level 1 in Polearms
   710 | D:1      | Reached XP level 3. HP: 27/27 MP: 4/4
  1318 | D:2      | Noticed Ijyb
  1357 | D:2      | Killed Ijyb
  1357 | D:2      | Reached skill level 1 in Shields
  1357 | D:2      | Reached XP level 4. HP: 25/33 MP: 2/5
  2096 | D:2      | Slain by a gnoll

Skill      XL: |  1  2  3 |
---------------+----------+-----
Hexes          | 4 |  4.1
Polearms       | 1 2 |  2.4
Fighting       | 2 |  2.1
Shields        | 1 |  1.3
Slings         | |  2.1
Throwing       | |  0.2
Dodging        | |  1.7
Spellcasting   | |  1.4

Action                   |  1- 3 |  4- 6 || total
-------------------------+-------+-------++-------
Melee: Spear             |   128 |    83 ||   211
 Fire: Hunting sling     |    26 |     3 ||    29
Throw: Stone             |    15 |    13 ||    28
 Cast: Slow              |     4 |     4 ||     8
  Use: Scroll            |     3 |       ||     3
  Eat: Beef jerky        |     1 |       ||     1
       Bread ration      |       |     1 ||     1
       Royal jelly       |       |     1 ||     1
Armor: Robe              |    29 |     5 ||    34
Dodge: Dodged            |    64 |    23 ||    87
Block: Buckler           |     6 |    11 ||    17
